 Dungeon Crawl Stone Soup version 0.24.0-13-gcf9b3192b9 (webtiles) character file.

Game seed: 8583290550720082153, levelgen mode: deterministic

352 Esekla the Skirmisher (level 6, -1/51 HPs)
             Began as a Formicid Assassin on Nov 8, 2019.
             Slain by a black bear (5 damage)
             ... on level 7 of the Dungeon.
             The game lasted 00:22:40 (3235 turns).

Esekla the Skirmisher (Formicid Assassin)           Turns: 3235, Time: 00:22:48

Health: -1/51      AC:  4    Str: 18    XL:     6   Next: 93%
Magic:  6/6        EV: 12    Int: 10    God:
Gold:   177        SH:  0    Dex: 12    Spells: 5/5 levels left

rFire    . . .     SeeInvis +   a - +2 dagger
rCold    . . .     Gourm    .   (no shield)
rNeg     . . .     Faith    .   b - +0 robe
rPois    .         Spirit   .   (helmet unavailable)
rElec    .         Reflect  .   l - +0 cloak
rCorr    +         Harm     .   (no gloves)
MR       .....                  (no boots)
Stlth    +++.......             (no amulet)
HPRegen  0.17/turn              q - +1 ring of protection
MPRegen  0.10/turn              v - ring of resist corrosion

@: lethally poisoned (-1 -> -3)
A: permanent stasis, dig shafts and tunnels, four strong arms, antennae 3
a: Dig, Shaft Self


You were on level 7 of the Dungeon.
You were hungry.

You visited 1 branch of the dungeon, and saw 5 of its levels.

You collected 177 gold pieces.

Inventory:

Hand Weapons
 a - a +2 dagger (weapon)
 x - a +3 war axe
 y - a +2 dagger of speed
 z - a +0 trident
Missiles
 e - 3 curare-tipped darts (quivered)
Armour
 b - a +0 robe (worn)
 l - a +0 cloak (worn)
Jewellery
 c - an uncursed amulet of faith
 q - a +1 ring of protection (left hand)
 v - a ring of resist corrosion (right hand)
Wands
 n - a wand of polymorph (6)
Scrolls
 g - 3 scrolls of remove curse {unknown}
 p - a scroll of fear {unknown}
 r - a scroll of teleportation {unknown}
 s - 3 scrolls of identify {unknown}
 w - a scroll of immolation {unknown}
Potions
 h - a potion of heal wounds {unknown}
 i - a potion of lignification {unknown}
 j - a potion of invisibility {unknown}
 k - 2 potions of mutation {unknown}
 m - a potion of brilliance {unknown}
 o - a potion of cancellation {unknown}
 t - a potion of degeneration {unknown}
 u - a potion of curing {unknown}
Comestibles
 f - 8 rations


   Skills:
 * Level 5.3 Fighting
 + Level 4.2 Short Blades
 - Level 2.0 Throwing
 + Level 2.4 Dodging
 - Level 4.8 Stealth


You had 5 spell levels left.
You didn't know any spells.
Your spell library was empty.

Dungeon Overview and Level Annotations

Branches:
Dungeon (4/15)
 Temple: D:4-7

Altars:
Qazlal


Innate Abilities, Weirdness & Mutations

You cannot be hasted, slowed, berserked, paralysed or teleported.
You can dig through walls and to a lower floor.
Your four strong arms can wield two-handed weapons with a shield.
You have a pair of large antennae on your head. (SInv)


Message History

The curare-tipped dart barely misses you.
The phantom hits you.
* * * LOW HITPOINT WARNING * * *
The phantom blinks!
The orc wizard hits you but does no damage.
You begin to dig a shaft.
You continue digging a shaft.
You feel sick. A shaft appears beneath you!
You fall into a shaft and drop 3 floors!
The shaft crumbles and collapses.
A leopard gecko and a black bear come into view.
Found 8 gold pieces.
a - a +2 dagger (weapon)
The helpless black bear fails to defend itself.
You impale the black bear!!
The black bear is almost dead.
The black bear bites you.
* * * LOW HITPOINT WARNING * * *
The black bear closely misses you. The black bear claws you.
You die...

{ #
###..
##...
##..l
##.$#
#.@#
#h##
...
....#
#..#..
..{...
# ...
.#..


You could see a black bear and a leopard gecko (sleeping).

Vanquished Creatures
  Sigmund (D:2)
  Robin (D:3)
  9 adders
  An ooze (D:1)
  A worm (D:2)
  5 dart slugs
  3 leopard geckos
  2 orcs
  A ball python (D:1)
  5 bats
  4 giant cockroaches
  18 goblins
  8 hobgoblins
  7 jackals
  9 kobolds
  4 quokkas
  3 frilled lizards
  A leopard gecko skeleton (D:4)
  7 rats
90 creatures vanquished.

Notes
Turn   | Place    | Note
-------+----------+-------------------------------------------
     0 | D:1      | Esekla the Formicid Assassin began the quest for the Orb.
     0 | D:1      | Reached XP level 1. HP: 16/16 MP: 1/1
   119 | D:1      | Reached XP level 2. HP: 23/23 MP: 2/2
   145 | D:1      | Reached skill level 3 in Fighting
   192 | D:1      | Reached skill level 1 in Dodging
   279 | D:1      | Reached XP level 3. HP: 29/29 MP: 3/3
   949 | D:2      | Reached XP level 4. HP: 37/37 MP: 4/4
  1254 | D:2      | Found a stormy altar of Qazlal.
  1263 | D:2      | Reached skill level 4 in Fighting
  1519 | D:2      | Noticed Sigmund
  1550 | D:2      | Killed Sigmund
  1550 | D:2      | Reached XP level 5. HP: 28/43 MP: 5/5
  1550 | D:2      | Reached XP level 6. HP: 33/50 MP: 6/6
  2196 | D:3      | Reached skill level 5 in Fighting
  2501 | D:4      | Noticed a phantom
  3044 | D:3      | Noticed Robin
  3049 | D:3      | Killed Robin
  3233 | D:4      | You fall into a shaft and drop 3 floors!
  3233 | D:7      | Noticed a black bear
  3235 | D:7      | Slain by a black bear

Levels and vault maps discovered:
D:1:      dpeg_arrival_rhombus, layout_loops_ring, patterned_corridor
D:2:      layout_basic, lemuel_crystal_altar, uniq_sigmund
D:3:      kennysheep_goblin_castle, layout_basic, fountainhead
D:4:      layout_loops_ring, lemuel_crystal_altar, first_ration
D:7:      minmay_the_grid_plus_closed [minmay_the_grid_dragon_b,
          minmay_the_grid_odd_star, minmay_the_grid_minigrid_small_alt,
          minmay_the_grid_dragon_a, minmay_the_grid_prize_diamond_cup],
          layout_rooms, minmay_temple_entry_junction, grunt_ogre_cave

Skill      XL: |  1  2  3  4  5  6 |
---------------+-------------------+-----
Fighting       | 3 4 5 |  5.3
Dodging        | 1 2 |  2.4
Short Blades   | 3 4 |  4.2
Throwing       | |  2.0
Stealth        | |  4.8

Action                   |  1- 3 |  4- 6 || total
-------------------------+-------+-------++-------
Melee: Dagger            |    54 |   211 ||   265
       War axe           |       |     4 ||     4
Throw: Dart              |    18 |    22 ||    40
 Abil: Shaft Self        |       |     1 ||     1
 Stab: Sleeping          |     8 |    10 ||    18
       Distracted        |       |     1 ||     1
  Eat: Chunk             |       |     7 ||     7
Armor: Robe              |     8 |    36 ||    44
Dodge: Dodged            |    24 |    94 ||   118
